Unix NetHack Version 5.0.0-0 post-release - last build May  4 2026 22:22:43 (774f63e81ad911689b3a0859ea89b322d5daca8d,branch:main).

Game began 2026-05-08 15:35:39, ended 2026-05-08 16:19:55.

1212459919, chaotic male orcish Rogue

    --        --  --
    |.`---- --.---.--
     ...|.--........|
     ...............
    --............
    |............|
    -........... ---
     ..........-...
     -...........
     |..G.G....-
     |....h....|
   ---.....h...--
   |......)@....-
   |......|G.....-
   --....---......|
    |...<|  ..|..--
    --...|  ------
    |....|
    --.---
     ---
1212459919 the Footpad  St:17 Dx:18 Co:11 In:10 Wi:11 Ch:8  Chaotic
Dlvl:4  $:32 HP:0(14) Pw:5(5) AC:5  Xp:2 T:996 

Latest messages:
 You can move again.
 You are beginning to feel hungry.
 What do you want to eat? [gho or ?*] g
 Ugh.  Rotten egg.
 You are feeling mildly nauseated.
 You swap places with your little dog.
 You feel slightly confused.
 You can't seem to think straight.
 The little dog yelps!
 You hit the little dog.
 You feel incredibly sick.
 You are about to vomit.
 You feel a bit steadier now.
 What do you want to eat? [gho or ?*] h
 My, this is a yummy slime mold!
 You miss the little dog.
 You vomit!
 You can move again.
 You strike the little dog from behind!
 The little dog yelps!
 You kill the poor little dog!
 Welcome to experience level 2.
 You hear the rumble of distant thunder...
 You feel less confused now.
 With great effort you move the boulder.
 You try to move the boulder, but in vain.
 You try to move the boulder, but in vain.
 You try to move the boulder, but in vain.
 The gecko bites!
 You hit the gecko!
 You kill the gecko!
 You descend the stairs.
 The dwarf drinks a dark potion!
 The dwarf is suddenly moving faster.
 The dwarf throws a dagger!
 The dagger misses the dwarf.
 You are hit by a dagger.
 The dwarf wields a pick-axe!
 You hit the dwarf!
 The air crackles around the gnomish wizard.
 You kill the dwarf!
 The dwarf hits!
 The gnomish wizard points at you, then curses.
 The dwarf hits!
 You die...
 Do you want your possessions identified? [ynq] (y) y
 Do you want to see your attributes? [ynq] (y) y
 Do you want an account of creatures vanquished? [ynaq] (y) y
 Do you want to see your conduct and achievements? [ynq] (y) y
 Do you want to see the dungeon overview? [ynq] (y) y

Inventory:
 Coins    ('$')
  $ - 32 gold pieces
 Weapons  (')')
  b - 10 +0 orcish daggers (alternate weapons; not wielded)
  a - a +0 orcish short sword (weapon in right hand)
 Armor    ('[')
  j - an uncursed +0 orcish helm (being worn)
  n - an uncursed +0 cloak of invisibility
  c - an uncursed +1 leather armor
  l - an uncursed +0 orcish chain mail (being worn)
 Comestibles  ('%')
  o - an uncursed food ration
  g - 2 uncursed eggs
 Potions  ('!')
  m - an uncursed potion of healing
  d - an uncursed potion of sickness
 Tools    ('(')
  f - an empty uncursed sack
  i - an uncursed blindfold
  e - an uncursed lock pick

1212459919 the Rogue's attributes:

Background:
 You were a Footpad, a level 2 male orcish Rogue.
 You were chaotic, on a mission for Kos
 who was opposed by Issek (lawful) and Mog (neutral).
 You were right-handed.
 You were in the Gnomish Mines, on level 4.
 You entered the dungeon 996 turns ago.
 You had 33 experience points, 7 more were needed to attain level 3.

Basics:
 You had 0 out of 14 hit points.
 You had all 5 energy points (spell power).
 Your armor class was 5.
 Your wallet contained 32 zorkmids.
 Autopickup was off.

Final Characteristics:
 Your strength was 17 (limit:18/50).
 Your dexterity was 18 (limit:18).
 Your constitution was 11 (limit:18).
 Your intelligence was 10 (limit:16).
 Your wisdom was 11 (limit:16).
 Your charisma was 8 (limit:16).

Final Status:
 You weren't hungry.
 You were unencumbered.
 You were wielding a short sword.
 You had basic skill with short sword.

Final Attributes:
 You were stridently aligned.
 You were poison resistant.
 You had infravision.
 You were stealthy.
 You were warded.
 You were unlucky.
 You are dead.

Miscellaneous:
 You didn't encounter any bones levels.
 Total elapsed playing time was 44 minutes and 14 seconds.

Major events:
 Turn
    1: 1212459919 the chaotic male orcish Rogue entered the dungeon
  987: entered the Gnomish Mines
  996: killed by a dwarf

You didn't know any spells.

Skills:
 Fighting Skills
   bare handed combat [Unskilled]
   two weapon combat  [Unskilled]
   riding             [Unskilled]
 Weapon Skills
   dagger             [Basic]
   knife              [Unskilled]
   short sword        [Basic]
   broadsword         [Unskilled]
   long sword         [Unskilled]
   two-handed sword   [Unskilled]
   saber              [Unskilled]
   club               [Unskilled]
   mace               [Unskilled]
   morning star       [Unskilled]
   flail              [Unskilled]
   hammer             [Unskilled]
   polearms           [Unskilled]
   spear              [Unskilled]
   crossbow           [Unskilled]
   dart               [Unskilled]
   shuriken           [Unskilled]
 Spellcasting Skills
   divination spells  [Unskilled]
   escape spells      [Unskilled]
   matter spells      [Unskilled]

Voluntary challenges:
 Character rerolling was not enabled.
 You were vegetarian.
 You were an atheist.
 You were illiterate.
 You never genocided any monsters.
 You never polymorphed an object.
 You never changed form.
 You used no wishes.
Achievement:
 You entered the Gnomish Mines.

 The Dungeons of Doom: levels 1 to 3
    Level 1:
       A sink.
    Level 2:
       A fountain.
    Level 3:
       An altar to Kos, a fountain.
       Stairs down to The Gnomish Mines.
 The Gnomish Mines:
    Level 4: <- You were here.
       Final resting place for
          you, killed by a dwarf.


Vanquished creatures:
  a little dog
  a dwarf
  a gecko
  5 jackals
  a kobold
  a goblin
  4 grid bugs
  a kobold zombie
  a newt
16 creatures vanquished.

No species were genocided or became extinct.

Game over:
                       ----------
                      /          \
                     /    REST    \
                    /      IN      \
                   /     PEACE      \
                  /                  \
                  |    1212459919    |
                  |      32 Au       |
                  |   killed by a    |
                  |      dwarf       |
                  |                  |
                  |                  |
                  |       2026       |
                 *|     *  *  *      | *
        _________)/\\_//(\/(/\)/\//\/|_)_______

Goodbye 1212459919 the Rogue...

You died in The Gnomish Mines on dungeon level 4 with 311 points,
and 32 pieces of gold, after 996 moves.
You were level 2 with a maximum of 14 hit points when you died.

